 Dungeon Crawl Stone Soup version 0.21.1-1-g345015fe64 (webtiles) character file.

179 DildoBatman the Skirmisher (level 5, 0/63 HPs)
             Began as a Formicid Enchanter on Mar 1, 2018.
             Was an Initiate of Ashenzari.
             Succumbed to a worker ant's poison
             ... on level 4 of the Dungeon.
             The game lasted 00:10:30 (3436 turns).

DildoBatman the Skirmisher (Formicid Enchanter)     Turns: 3436, Time: 00:10:31

Health: 0/63       AC: 22    Str: 14    XL:     5   Next: 90%
Magic:  1/8        EV:  2    Int: 14    God:    Ashenzari [......]
Gold:   149        SH:  0    Dex: 11    Spells: 4/8 levels left

rFire    . . .     SeeInvis .   b - +0 mace
rCold    . . .     Gourm    .   (no shield)
rNeg     + + +     Faith    .   (armour currently unavailable)
rPois    +         Spirit   .   (helmet unavailable)
rElec    .         Reflect  .   (cloak currently unavailable)
rCorr    .         Harm     .   (gloves currently unavailable)
MR       .....                  (boots currently unavailable)
Stlth    ++........             (no amulet)
HPRegen  0.20/turn              (no ring)
MPRegen  0.11/turn              (no ring)

@: lethally poisoned (0 -> -5), tree-form, very slightly contaminated, invisible
A: permanent stasis, dig shafts and tunnels, four strong arms, mutation
resistance 1
a: Curse Item, Renounce Religion


You were on level 4 of the Dungeon.
You worshipped Ashenzari.
Ashenzari was noncommittal.
You were hungry.
You were a tree.
You visited 1 branch of the dungeon, and saw 4 of its levels.

You collected 149 gold pieces.

Inventory:

Hand Weapons
 a - a +1 dagger
 b - a +0 mace (weapon)
Armour
 d - a +0 ring mail (melded)
Scrolls
 e - 5 scrolls of identify {unknown}
 f - 2 scrolls of blinking {unknown}
 h - a scroll of random uselessness {unknown}
 i - 2 scrolls of amnesia {unknown}
 j - 2 scrolls of teleportation {unknown}
 n - 3 scrolls of fog {unknown}
 o - a scroll of magic mapping {unknown}
 p - a scroll of enchant weapon {unknown}
 x - a scroll of remove curse
Books
 c - a book of Maledictions

   Spells                             Type                      Level
   a - Corona                         Hexes                        1
   b - Ensorcelled Hibernation        Hexes/Ice                    2
   c - Confuse                        Hexes                        3
   d - Tukima's Dance                 Hexes                        3
   e - Dazzling Spray                 Conjuration/Hexes            3
Comestibles
 g - a chunk of flesh
 v - 6 rations


   Skills:
 * Level 4.1 Fighting
 - Level 1.0 Short Blades
 * Level 3.2 Armour
 * Level 2.0 Dodging
 * Level 4.0 Stealth
 - Level 2.1 Spellcasting
 - Level 3.6 Hexes


You had 4 spell levels left.
You knew the following spells:

 Your Spells              Type           Power        Failure   Level  Hunger
a - Corona                Hex            ##.....      5%          1    #......
b - Confuse               Hex            ##......     16%         3    ###....


Dungeon Overview and Level Annotations

Branches:
Dungeon (4/15)
 Temple: D:4-7

Altars:
Ashenzari
Qazlal
Ru
Trog

Annotations:
D:3 NihilVerum's ghost, amateur OpAs
D:4 exclusions: sensed monster (detected) and worker ant


Innate Abilities, Weirdness & Mutations

You cannot be hasted, slowed, berserked, paralysed or teleported.
You can dig through walls and to a lower floor.
Your four strong arms can wield two-handed weapons with a shield.
((You have a pair of large antennae on your head. (SInv)))
You are somewhat resistant to further mutation.


Message History

The shadow imp hits you but does no damage.
You hit the shadow imp but do no damage.
The shadow imp is heavily wounded.
You feel sick.
The shadow imp hits you but does no damage. x2
Casting: Corona
Confirm with . or Enter, or press ? or * to list all spells.
Aiming: Corona
Press: ? - help, Shift-Dir - straight line, f - shadow imp
Aim: a shadow imp (heavily wounded, chance to defeat MR: 55%)
You miscast Corona.
You hear an indistinct dissonance whispering inside your mind.
The shadow imp barely misses you.
You hit the shadow imp but do no damage.
The shadow imp is heavily wounded.
You feel sick.
The shadow imp hits you but does no damage.
You barely miss the shadow imp.
The shadow imp is heavily wounded.
You die...

#(..###.#.......##
####..##
#.#..####5#
#....##
#.#..###..# ....##
#.a..##..## .....#
#.#5###.## ......#
#.#.# #.# ......#
##.#.# #.# ......#
#..#.# #5#
......###:.#.# #♣#
...........#.# #.#
......## #.#.###.#
.....#...#...#
....5.......###
..Z......####
.........#
....Z....#
..)......#


You could see a shadow imp.

Vanquished Creatures
  A worker ant (D:4)
  Robin (D:3)
  5 adders
  An ooze (D:2)
  2 worms
  3 dart slugs
  An orc (D:4)
  3 ball pythons
  4 giant cockroaches
  13 goblins
  11 hobgoblins
  4 jackals
  9 kobolds
  4 quokkas
  8 bats
  2 frilled lizards
  5 rats
77 creatures vanquished.

Notes
Turn   | Place    | Note
-------+----------+-------------------------------------------
     0 | D:1      | DildoBatman the Formicid Enchanter began the quest for the Orb.
     0 | D:1      | Reached XP level 1. HP: 13/13 MP: 3/3
    60 | D:1      | Reached skill level 1 in Fighting
   103 | D:1      | Reached XP level 2. HP: 9/21 MP: 3/5
   658 | D:1      | Reached XP level 3. HP: 21/28 MP: 3/6
   663 | D:1      | Learned a level 3 spell: Confuse
   778 | D:2      | Found a bloodstained altar of Trog.
  1199 | D:2      | Reached XP level 4. HP: 19/35 MP: 2/7
  1244 | D:2      | Reached skill level 1 in Armour
  1446 | D:2      | Found a sacrificial altar of Ru.
  1682 | D:3      | Noticed NihilVerum's ghost (amateur OpAs)
  1744 | D:3      | Noticed Robin
  1790 | D:3      | Killed Robin
  1790 | D:3      | Reached XP level 5. HP: 28/41 MP: 5/8
  2236 | D:3      | Found a stormy altar of Qazlal.
  2406 | D:3      | Found a shattered altar of Ashenzari.
  2463 | D:3      | Became a worshipper of Ashenzari the Shackled
  3419 | D:4      | Gained mutation: Your skin changes colour to match your surroundings (Stealth+). [potion of mutation]
  3419 | D:4      | Gained mutation: You are somewhat resistant to further mutation. [potion of mutation]
  3430 | D:4      | Lost mutation: You are somewhat resistant to further mutation. [potion of mutation]
  3430 | D:4      | Lost mutation: Your skin changes colour to match your surroundings (Stealth+). [potion of mutation]
  3430 | D:4      | Gained mutation: You are somewhat resistant to further mutation. [potion of mutation]
  3432 | D:4      | HP: 3/63 [poisoned by a worker ant]
  3435 | D:4      | HP: 1/63 [poisoned by a worker ant]
  3436 | D:4      | Succumbed to a worker ant's poison

Skill      XL: |  1  2  3  4  5 |
---------------+----------------+-----
Fighting       | 1 2 3 4 |  4.1
Dodging        | 2 |  2.0
Armour         | 2 3 |  3.2
Stealth        | 4 |  4.0
Short Blades   | |  1.0
Spellcasting   | |  2.1
Hexes          | |  3.6

Action                   |  1- 3 |  4- 6 || total
-------------------------+-------+-------++-------
Melee: Dagger            |   133 |   214 ||   347
       Mace              |     6 |    24 ||    30
 Cast: Corona            |    30 |    40 ||    70
       Confuse           |       |     1 ||     1
 Abil: Dig               |     3 |     8 ||    11
  Use: Potion            |       |     5 ||     5
 Stab: Sleeping          |     1 |     2 ||     3
       Distracted        |       |     1 ||     1
  Eat: Chunk             |     2 |     9 ||    11
Armor: Ring mail         |    65 |    84 ||   149
       Skin              |       |     7 ||     7
Dodge: Dodged            |    93 |   133 ||   226
